Match 46948147
Unlisted

Match 46948147
End
Construct Section Command Post
Vickers Machine Gun Team
Selects Heavy Armor Battlegroup
Infantry Section
Infantry Section
Selects Rigorous Vehicle Training
Construct Platoon Command Post
Humber Armored Car
Infantry Section
Humber Armored Car
6-pounder Anti-tank Gun Team
Infantry Section
Unlock Bishop Self-propelled Artillery
Bishop Self-propelled Artillery
Selects Light Vehicle Withdraw and Refit
Selects Radio Net
Construct Field Infirmary
Construct Field Infirmary
Selects Recon Artillery
6-pounder Anti-tank Gun Team
Recon Artillery
Bishop Self-propelled Artillery
6-pounder Anti-tank Gun Team
Recon Artillery
Bishop Self-propelled Artillery
Selects Forward Repair Assembly
Infantry Section
Construct Company Command Post
Foot Guards Section
Foot Guards Section
Unlock M3 Grant Medium Tanks
Recon Artillery
M3 Grant Medium Tank
M3 Grant Medium Tank
Foot Guards Section
JDG
Gear-IV-G
Alpha_Roger
sannnn
Glorb
MMMerVVV
꿀뜨개Honeydipper
Lord Ludwig
0
0

Comments sign in to comment!

No comments posted yet!